 Dungeon Crawl Stone Soup version 0.29-a0-43-g62a80824bf (webtiles) character file.

Game seed: 10801455577906986052

1164 Crownlay the Ruffian (level 8, -1/78 HPs)
             Began as a Troll Hunter on Feb 2, 2022.
             Slain by a ball python (3 damage)
             ... in a sewer.
             The game lasted 00:08:51 (3898 turns).

Crownlay the Ruffian (Troll Hunter)                 Turns: 3898, Time: 00:08:51

Health: -1/78      AC:  4    Str: 23    XL:     8   Next: 17%
Magic:  7/7        EV:  9    Int:  7    God:
Gold:   200        SH:  0    Dex: 10    Spells: 7/7 levels left

rFire   + . .      SeeInvis .     - Unarmed
rCold   x . .      Faith    .   (no shield)
rNeg    . . .      Spirit   .   b - +0 robe
rPois   +          Reflect  .   (helmet restricted)
rElec   .          Harm     .   (no cloak)
rCorr   .          Rampage  .   (gloves unavailable)
Will    .....                   (boots unavailable)
Stlth   +.........              (no amulet)
HPRegen 1.03/turn               h - ring of poison resistance
MPRegen 0.10/turn               f - ring of fire

@: invisible, very slow
A: large, unfitting armour, claws 3, regeneration 1, shaggy fur 1, tough skin 1
a: no special abilities


You were in a sewer.
You visited 1 branch of the dungeon, and saw 5 of its levels.
You also visited: Sewer.

You collected 200 gold pieces.

Inventory:

Missiles
 c - 5 large rocks (quivered)
 d - 2 throwing nets
 i - 3 boomerangs
 s - 5 javelins
Armour
 b - a +0 robe (worn)
Jewellery
 f - a ring of fire (right claw)
 h - a ring of poison resistance (left claw)
Scrolls
 a - a scroll of amnesia {unknown}
 e - a scroll of teleportation
 l - a scroll of blinking
 r - 2 scrolls of brand weapon {unknown}
 t - a scroll of noise {unknown}
 u - a scroll of identify
Potions
 g - a potion of heal wounds {unknown}
 j - a potion of flight {unknown}
 k - a potion of mutation {unknown}
 m - 3 potions of curing
 n - a potion of resistance {unknown}
 o - a potion of might {unknown}
 p - 2 potions of cancellation
 q - a potion of invisibility


   Skills:
 + Level 4.2 Fighting
 + Level 5.7 Throwing
 - Level 1.5 Dodging
 - Level 0.3 Stealth
 * Level 6.7 Unarmed Combat


You had 7 spell levels left.
You didn't know any spells.
Your spell library contained the following spells:

 Spells                   Type           Power      Damage    Failure   Level
 Magic Dart               Conj           0%         1d3       43%         1
 Call Imp                 Summ           0%         N/A       56%         2
 Mephitic Cloud           Conj/Pois/Air  0%         N/A       80%         3


Dungeon Overview and Level Annotations

Branches:
Dungeon (5/15)              Sewer (1/1)
 Temple: D:4-7

Altars:
Xom


Innate Abilities, Weirdness & Mutations

You are too large for most types of armour.
You have claws for hands.
Your natural rate of healing is unusually fast.
You are covered in fur. (AC +1)
You have tough skin. (AC +1)


Message History

The ball python completely misses you. The bullfrog hits you.
The bullfrog hits you! The frilled lizard barely misses you.
You are too injured to fight recklessly!
You are too injured to fight recklessly!
You are too injured to fight recklessly!
You are too injured to fight recklessly!
You barely miss the bullfrog.
The bullfrog is almost dead.
The adder closely misses you. The bullfrog hits you. x2
The ball python bites you.
You miss the bullfrog.
The bullfrog is almost dead.
The bullfrog hits you. The adder bites you.
The frilled lizard barely misses you. The bullfrog hits you.
* * * LOW HITPOINT WARNING * * *
The ball python bites you.
* * * LOW HITPOINT WARNING * * *
You claw the bullfrog!
You kill the bullfrog!
The bullfrog hits you.
* * * LOW HITPOINT WARNING * * *
The adder bites you.
* * * LOW HITPOINT WARNING * * *
The frilled lizard barely misses you.
The ball python bites you but does no damage.
The bullfrog hits you!
* * * LOW HITPOINT WARNING * * *
The adder bites you but does no damage.
The bullfrog hits you but does no damage.
The adder bites you.
* * * LOW HITPOINT WARNING * * *
The ball python barely misses you. The bullfrog hits you.
* * * LOW HITPOINT WARNING * * *
It was a potion of invisibility.
You fade into invisibility!
The adder bites you but does no damage. The ball python barely misses you.
The bullfrog hits you.
* * * LOW HITPOINT WARNING * * *
The adder barely misses you. The ball python bites you.
You die...

...#
+......
...##
#......
....#
......
..≈.#
##...≈##
≈≈≈≈#
#≈≈≈≈≈≈#
≈≈≈≈#
#≈≈≈≈≈≈#
≈≈≈≈#
#≈≈≈†≈l#
≈≈≈≈#
#≈≈≈≈SS#
≈≈≈≈#
#≈≈≈≈F@#
≈≈≈≈#
#≈≈≈#J≈#
≈≈≈≈#
#≈≈≈≈.≈#
≈..##
#≈≈≈≈.≈#
...≈#
#≈≈≈≈≈≈#
.≈≈≈#
#≈≈≈≈#≈#
≈≈≈≈#
#≈≈≈≈≈≈#
≈≈≈≈#
#≈≈≈≈≈≈#
≈≈≈≈#
#≈≈≈≈≈≈#


You could see a bullfrog, an adder, an endoplasm, a ball python and a frilled
lizard.

Vanquished Creatures
  Grinder (D:3)
  A water moccasin (D:5)
  2 ogres
  A necrophage (D:5)
  A phantom (D:4)
  A bullfrog (Sewer)
  A water moccasin zombie (D:5)
  A jelly (D:4)
  Jessica (D:3)
  2 iguanas
  A scorpion zombie (D:5)
  A hound zombie (D:5)
  A hound skeleton (D:5)
  Robin (D:4)
  3 gnolls (D:4)
  8 adders
  A howler monkey skeleton (D:5)
  A river rat (Sewer)
  An ufetubus (D:4)
  2 adder skeletons (D:4)
  3 worms
  2 dart slugs
  5 endoplasms
  4 giant cockroaches
  15 goblins
  8 hobgoblins
  3 jackals (D:1)
  5 quokkas
  15 ball pythons
  5 bats
  6 frilled lizards (D:2)
  8 kobolds
  24 rats
135 creatures vanquished.

Notes
Turn   | Place    | Note
-------+----------+-------------------------------------------
     0 | D:1      | Crownlay the Troll Hunter began the quest for the Orb.
     0 | D:1      | Reached XP level 1. HP: 19/19 MP: 0/0
    93 | D:1      | Reached skill level 1 in Unarmed Combat
   178 | D:1      | Reached XP level 2. HP: 22/28 MP: 1/1
   822 | D:2      | Reached XP level 3. HP: 35/35 MP: 2/2
   831 | D:2      | Reached skill level 2 in Unarmed Combat
   831 | D:2      | Found a shimmering altar of Xom.
  1706 | D:3      | Reached XP level 4. HP: 36/42 MP: 3/3
  1761 | D:3      | Noticed Jessica
  1778 | D:3      | Killed Jessica
  1819 | D:3      | Noticed Grinder
  1833 | D:3      | Paralysed by Grinder for 5 turns
  1845 | D:4      | Noticed an ogre
  1847 | D:4      | Noticed an ogre
  1855 | D:3      | Reached skill level 3 in Unarmed Combat
  1879 | D:3      | Killed Grinder
  1880 | D:3      | Reached skill level 4 in Unarmed Combat
  1880 | D:3      | Reached XP level 5. HP: 6/53 MP: 4/4
  1880 | D:3      | Reached XP level 6. HP: 7/61 MP: 5/5
  2525 | D:4      | Noticed Robin
  2614 | D:3      | Reached skill level 5 in Unarmed Combat
  2614 | D:3      | Reached XP level 7. HP: 21/67 MP: 6/6
  2669 | D:4      | Reached skill level 5 in Throwing
  2720 | D:4      | Killed Robin
  3324 | D:5      | Entered Level 5 of the Dungeon
  3446 | D:5      | Reached skill level 6 in Unarmed Combat
  3503 | D:5      | Reached XP level 8. HP: 21/78 MP: 7/7
  3674 | D:5      | Found a glowing drain.
  3678 | Sewer    | Entered a sewer
  3897 | Sewer    | HP: 2/78 [bullfrog (3)]
  3898 | Sewer    | Slain by a ball python

Illustrated notes

Levels and vault maps discovered:
D:1:      minmay_arrival_five_plusses, layout_basic, serial_bayou_pond_e
D:2:      layout_loops_corners, basic_altar, minmay_misc_feat_encased,
          minmay_misc_feat_columns, wander_ebering_terrifying_dragon_lair
D:3:      layout_loops_cross, item_on_display_a, uniq_grinder, uniq_jessica
D:4:      layout_cave_pools, uniq_robin
D:5:      minmay_opposing_rooms, layout_loops_ring, gup_sewer_entry_bowl,
          hangedman_decor_peaks_small
Sewer:    sewer_minmay_w

Skill      XL: |  1  2  3  4  5  6  7 |
---------------+----------------------+-----
Unarmed Combat | 1 2 4 5 6 |  6.7
Fighting       | 2 3 4 |  4.2
Throwing       | 4 5 |  5.7
Dodging        | |  1.5
Stealth        | |  0.3

Action                   |  1- 3 |  4- 6 |  7- 9 || total
-------------------------+-------+-------+-------++-------
Melee: Unarmed           |    30 |       |   192 ||   222
       Dagger            |   111 |    78 |     2 ||   191
       Punch             |       |     3 |     4 ||     7
Throw: Large rock        |       |     3 |     8 ||    11
  Use: Scroll            |       |     2 |     1 ||     3
       Potion            |       |       |     1 ||     1
 Stab: Sleeping          |     2 |       |       ||     2
Armor: Robe              |    52 |    23 |    84 ||   159
Dodge: Dodged            |    65 |    48 |   114 ||   227

Table legend: (Time is in decaauts)
 A = Elapsed time spent in this place.
 B = Non-inter-level travel time spent in this place.
 C = Inter-level travel time spent in this place.
 D = Time resting spent in this place.
 E = Time spent auto-exploring this place.
 F = Levels seen in this place.
 G = Mean time per level.
                   A        B        C        D        E       F      G
               +--------+--------+--------+--------+--------+-----+--------+
         Total |   3924 |   3748 |    176 |     98 |   2465 |   6 |  654.0 |
       Dungeon |   3677 |   3501 |    176 |     98 |   2342 |   5 |  735.4 |
         Sewer |    247 |    247 |      0 |      0 |    122 |   1 |  247.0 |
               +--------+--------+--------+--------+--------+-----+--------+

Top non-repeatable levels by time:
     D:3: 998 daAuts
     D:2: 945 daAuts
     D:1: 748 daAuts
     D:4: 634 daAuts
     D:5: 350 daAuts
   Sewer: 247 daAuts
